 Dungeon Crawl Stone Soup version 0.29-a0-187-ga23d9638d5 (webtiles) character file.

Game seed: 16592646852543653181

25526 Zeldest the Cleaver (level 12, -7/112 HPs)
             Began as a Deep Dwarf Delver on Feb 21, 2022.
             Was an Elder of the Shining One.
             Mangled by a large abomination (27 damage)
             ... on level 2 of the Abyss.
             The game lasted 00:25:14 (9276 turns).

Zeldest the Cleaver (Deep Dwarf Delver)             Turns: 9276, Time: 00:25:14

Health: -7/112     AC: 25    Str: 19    XL:     12   Next: 90%
Magic:  0/0        EV:  8    Int: 13    God:    the Shining One [****..]
Gold:   483        SH: 10    Dex: 12    Spells: 11/11 levels left

rFire   + . .      SeeInvis .   Q - +2 broad axe
rCold   . . .      Faith    .   u - +0 buckler
rNeg    + + .      Spirit   .   O - +2 chain mail {rF+}
rPois   .          Reflect  +   v - +0 helmet
rElec   .          Harm     .   c - +0 cloak
rCorr   .          Rampage  .   G - +2 pair of gloves
Will    +....                   s - +0 pair of boots
Stlth   ..........              t - amulet of reflection
HPRegen 0.00/turn               b - +4 ring of protection
MPRegen 0.07/turn               e - +4 ring of protection

@: glowing
A: damage resistance, heal wounds, sense surroundings 2, no regeneration, clumsy
1, low MP 1, [deformed body], [no potion heal 2]
a: Heal Wounds, Renounce Religion, Divine Shield, Cleansing Flame


You were on level 2 of the Abyss.
You worshipped the Shining One.
The Shining One was greatly pleased with you.
You visited 3 branches of the dungeon, and saw 13 of its levels.
You visited the Abyss 1 time.

You collected 1110 gold pieces.
You spent 627 gold pieces at shops.

Inventory:

Hand Weapons
 p - a +0 war axe of flaming
 B - a +1 whip of electrocution
 Q - a +2 broad axe (weapon)
Missiles
 r - 2 throwing nets
Armour
 c - a +0 cloak (worn)
 i - +1 swamp dragon scales
 s - a +0 pair of boots (worn)
 u - a +0 buckler (worn)
 v - a +0 helmet (worn)
 G - a +2 pair of gloves (worn)
 O - a +2 chain mail of fire resistance (worn)
Jewellery
 b - a +4 ring of protection (left hand)
 e - a +4 ring of protection (right hand)
 l - a ring of resist corrosion
 t - an amulet of reflection (around neck)
 y - an amulet of the acrobat
 D - a ring of protection from cold
 E - a ring of see invisible
 F - a ring of protection from fire
 K - a ring of protection from cold
Wands
 g - a wand of digging (2)
 M - a wand of iceblast (2)
Scrolls
 a - a scroll of immolation
 d - 2 scrolls of magic mapping
 k - 5 scrolls of identify
 m - 5 scrolls of teleportation
 o - 3 scrolls of vulnerability
 x - a scroll of enchant armour
 C - a scroll of fog
 H - a scroll of blinking
 J - a scroll of summoning {unknown}
 L - a scroll of fear
Potions
 f - a potion of resistance
 h - 2 potions of flight
 j - 4 potions of curing
 n - 2 potions of attraction
 q - a potion of magic
 w - a potion of berserk rage
 z - a potion of heal wounds
 A - a potion of mutation
 I - a potion of might {unknown}
 N - a potion of ambrosia {unknown}
 P - a potion of lignification {unknown}


   Skills:
 + Level 8.9 Fighting
 * Level 14.2 Axes
 + Level 10.0 Armour
 - Level 2.1 Dodging
 - Level 6.0 Stealth
 + Level 5.3 Shields
 + Level 10.9 Invocations
 + Level 10.1 Evocations


You had 11 spell levels left.
You didn't know any spells.
Your spell library contained the following spells:

 Spells                   Type           Power      Damage    Failure   Level
 Animate Skeleton         Necr           0%         N/A       97%         1
 Apportation              Tloc           0%         N/A       97%         1
 Foxfire                  Conj/Fire      0%         2x1d4     97%         1
 Freeze                   Ice            0%         1d3       97%         1
 Magic Dart               Conj           0%         1d3       97%         1
 Summon Small Mammal      Summ           0%         N/A       97%         1
 Call Imp                 Summ           0%         N/A       99%         2
 Corpse Rot               Necr/Air       0%         N/A       99%         2
 Poisonous Vapours        Pois/Air       0%         N/A       99%         2
 Conjure Flame            Conj/Fire      0%         6-21      100%        3
 Frozen Ramparts          Ice            0%         1d2       100%        3
 Inner Flame              Hex/Fire       0%         N/A       100%        3
 Mephitic Cloud           Conj/Pois/Air  0%         N/A       100%        3
 Tukima's Dance           Hex            0%         N/A       100%        3
 Anguish                  Hex/Necr       0%         N/A       100%        4
 Flame Wave               Conj/Fire      0%         2d4       100%        4
 Hailstorm                Conj/Ice       0%         3d3       100%        4
 Ice Form                 Ice/Tmut       0%         N/A       100%        4
 Summon Ice Beast         Ice/Summ       0%         N/A       100%        4
 Enfeeble                 Hex            0%         N/A       100%        7


Dungeon Overview and Level Annotations

Branches:
Dungeon (9/15)             Temple (0/1) D:6            Lair (3/6) D:8
 Shoals (0/4) Lair:3          Orc (2/2) D:9
  Snake: Lair:2-4    Spider: Lair:2-4       Elf: Orc:2

Altars:
Elyvilon
Hepliaklqana
Kikubaaqudgha
Okawaru
Ru
Uskayaw
Wu Jian
The Shining One
Beogh

Shops:
D:7 !   D:9 (?   Orc:1 =

Annotations:
Lair:3 3 runed translucent doors, Pooter's ghost, journeyman MiMo


Innate Abilities, Weirdness & Mutations

You are resistant to damage.
You can heal yourself by infusing magical energy.
You passively map the area around you.
You do not regenerate.
You are clumsy. (Dex -2)
Your magical capacity is low. (-10% MP)
[Armour fits poorly on your strangely shaped body.]
[Potions cannot restore your health.]


Message History

You hit the ynoxinul.
You kill the ynoxinul!
That felt strangely unrewarding.
You feel better.
The ufetubus disappears in a puff of smoke! x3
You slash the ynoxinul!
The ynoxinul hits you but does no damage.
You hit the ufetubus but do no damage. You hit the ynoxinul.
You block the ufetubus's attack. x2
The ynoxinul gestures.
The ufetubus hits you but does no damage. x2
You slash the ynoxinul!
You kill the ynoxinul!
That felt strangely unrewarding.
The ufetubus disappears in a puff of smoke! x5
Okay, then.
You have no ailments to cure.
You have no ailments to cure.
Okay, then.
A white imp comes into view.
The white imp shouts, "Scamper hence, thou weedy tip-merry erk!"
A large abomination comes into view.
You block the white imp's attack.
You slice the white imp!!
You kill the white imp!
That felt strangely unrewarding.
The large abomination hits you but does no damage.
You slash the large abomination!
The large abomination is lightly damaged.
The large abomination hits you.
You slash the large abomination!
The large abomination is heavily damaged.
The large abomination hits you!
* * * LOW HITPOINT WARNING * * *
You slash the large abomination!
The large abomination is severely damaged.
The large abomination completely misses you.
You hit the large abomination.
The large abomination is almost destroyed.
The large abomination hits you!!
You die...

.#.. . # ...
#..##. .##. .
.# . ##. ≈≈≈≈≈
≈ ≈ ≈ ≈≈ ≈
...≈≈ ≈ ≈≈
≈≈≈≈≈
..#.##.###.. §
§ ##.#.#....#.
. #...#.....# #
. # ##...#.#..
. . ###.@#. #.#
#. #...X#. .###
. #.#.........#
. #. .
##...#..##.##..
.. ##..
##......# #.##
##.#...# . #.
.### .# #. ..
#. .#.. # ..#
#. ..##


You could see a large abomination.

Vanquished Creatures
  An orc warlord (Orc:1)
  A hydra (Lair:3)
  Erica (D:8)
  A catoblepas (Lair:2)
  Amaemon (D:7)
  2 thrashing horrors (Abyss:2)
  An orc high priest (D:9)
  2 wretched stars (Abyss:2)
  Pikel (D:7)
  An orc knight (D:9)
  An ugly thing (D:9)
  A manticore (Lair:3)
  An orc sorcerer (D:9)
  A worldbinder (Abyss:2)
  2 black mambas (Lair:3)
  Joseph (D:8)
  2 cane toads
  An orange demon (D:7)
  A kobold demonologist (D:9)
  3 komodo dragons
  A rime drake (Lair:1)
  2 trolls
  6 polar bears
  A wind drake (Lair:3)
  15 blink frogs
  7 wyverns
  19 yaks
  A wraith (D:8)
  2 ynoxinuls (Abyss:2)
  2 basilisks
  A small abomination (Abyss:2)
  A neqoxec (Abyss:2)
  2 wargs (Orc:1)
  11 water moccasins
  16 orc warriors
  9 black bears
  A hornet zombie (D:7)
  7 ogres
  A wolf (D:7)
  5 centaurs
  3 lemures (D:7)
  2 phantoms
  3 kobold brigands
  3 bullfrogs
  A scorpion (D:5)
  A water moccasin zombie (D:5)
  2 wyvern skeletons
  5 wights (D:8)
  4 killer bees (D:8)
  A howler monkey (D:5)
  3 hounds
  2 centaur zombies
  A bullfrog zombie (D:5)
  A jelly (D:8)
  Crazy Yiuf (D:7)
  19 orc priests
  A centaur skeleton (D:7)
  5 iguanas
  Terence (D:3)
  Natasha (twice) (D:4)
  17 orc wizards
  A killer bee zombie (D:5)
  A hound zombie (D:5)
  Robin (D:3)
  3 gnolls (D:3)
  5 adders
  2 white imps
  3 ufetubi
  An adder skeleton (D:4)
  A worm (D:6)
  A dart slug (D:4)
  59 orcs
  8 ball pythons
  4 endoplasms
  3 giant cockroaches
  17 goblins
  5 hobgoblins
  5 quokkas
  3 bats (D:2)
  A frilled lizard (D:3)
  17 kobolds
  5 rats
360 creatures vanquished.

Vanquished Creatures (others)
  An orc priest (D:5)
  An orc (Orc:1)
  8 fungi
  11 plants
21 creatures vanquished.

Grand Total: 381 creatures vanquished

Notes
Turn   | Place    | Note
-------+----------+-------------------------------------------
     0 | D:5      | Zeldest the Deep Dwarf Delver began the quest for the Orb.
     0 | D:5      | Reached XP level 1. HP: 20/20 MP: 1/1
    24 | D:5      | Noticed an iguana
    37 | D:5      | Noticed a hound
    49 | D:5      | Killed a hound
    50 | D:5      | Reached skill level 3 in Axes
    50 | D:5      | Reached skill level 1 in Armour
    50 | D:5      | Reached XP level 2. HP: 18/28 MP: 2/2
    50 | D:5      | Reached XP level 3. HP: 22/34 MP: 3/3
   278 | D:5      | Noticed a scorpion
   317 | D:4      | Noticed a black bear
   387 | D:3      | Found a hazy altar of Hepliaklqana.
   398 | D:3      | Reached XP level 4. HP: 42/42 MP: 3/3
   449 | D:3      | Found a hide-covered altar of Uskayaw.
   450 | D:3      | Noticed Terence
   570 | D:2      | Reached skill level 4 in Axes
   931 | D:2      | You fall into a shaft and drop 2 floors!
  1005 | D:4      | Reached XP level 5. HP: 23/49 MP: 4/4
  1049 | D:4      | Found a glowing golden altar of the Shining One.
  1056 | D:4      | Became a worshipper of the Shining One
  1120 | D:3      | Found a sacrificial altar of Ru.
  1196 | D:3      | Noticed Robin
  1211 | D:3      | Killed Robin
  1225 | D:3      | Reached skill level 5 in Axes
  1363 | D:3      | Killed Terence
  1521 | D:4      | Killed a black bear
  1522 | D:4      | Reached XP level 6. HP: 35/57 MP: 4/4
  1874 | D:4      | Noticed Natasha
  1878 | D:4      | Killed Natasha
  1878 | D:4      | Reached * piety under the Shining One
  1879 | D:4      | Reached skill level 6 in Axes
  1916 | D:4      | Noticed Natasha
  1926 | D:4      | Killed Natasha
  1927 | D:4      | Reached XP level 7. HP: 52/64 MP: 5/5
  1974 | D:5      | Reached skill level 1 in Invocations
  2105 | D:5      | Reached skill level 7 in Axes
  2113 | D:5      | Reached XP level 8. HP: 33/73 MP: 5/7
  2430 | D:6      | Found an ancient bone altar of Kikubaaqudgha.
  2544 | D:6      | Reached ** piety under the Shining One
  2553 | D:6      | Reached skill level 5 in Fighting
  2633 | D:6      | Found a staircase to the Ecumenical Temple.
  2718 | D:6      | Reached skill level 5 in Armour
  2958 | D:6      | Reached skill level 8 in Axes
  3044 | D:7      | Reached skill level 1 in Evocations
  3189 | D:7      | Noticed Pikel
  3204 | D:7      | Killed Pikel
  3205 | D:7      | Reached skill level 5 in Invocations
  3205 | D:7      | Gained mutation: You passively map the area around you.
                  | [Deep Dwarf growth]
  3205 | D:7      | Reached XP level 9. HP: 36/82 MP: 8/8
  3232 | D:7      | Found Yfeo's Distillery.
  3243 | D:7      | Bought a potion of heal wounds for 60 gold pieces
  3249 | D:7      | Bought a potion of degeneration for 12 gold pieces
  3329 | D:7      | Reached skill level 9 in Axes
  3430 | D:7      | Found a runed translucent door.
  3431 | D:7      | Noticed Crazy Yiuf
  3470 | D:7      | Noticed Amaemon
  3470 | D:7      | Noticed an orange demon
  3549 | D:7      | Killed Amaemon
  3559 | D:7      | Killed an orange demon
  3603 | D:7      | Noticed Maggie
  3604 | D:7      | Noticed Maggie
  3604 | D:7      | Maggie changed into Maggie the tengu
  3606 | D:7      | Noticed Maggie
  3606 | D:7      | Maggie the tengu changed into Maggie the wyvern
  3611 | D:7      | Killed Maggie the wyvern
  3827 | D:7      | Killed Crazy Yiuf
  3828 | D:7      | Reached skill level 10 in Axes
  3874 | D:8      | Noticed Erica
  3896 | D:8      | Killed Erica
  3897 | D:8      | Reached skill level 5 in Evocations
  3897 | D:8      | Reached XP level 10. HP: 47/92 MP: 6/8
  4002 | D:8      | Reached *** piety under the Shining One
  4135 | D:8      | Noticed Joseph
  4153 | D:8      | Killed Joseph
  4224 | D:8      | Reached skill level 11 in Axes
  4401 | D:8      | Found a staircase to the Lair.
  4826 | Lair:1   | Entered Level 1 of the Lair of Beasts
  4970 | Lair:1   | Reached XP level 11. HP: 83/100 MP: 10/10
  5213 | Lair:1   | Reached skill level 12 in Axes
  5712 | Lair:2   | Noticed a catoblepas
  5735 | Lair:2   | Killed a catoblepas
  5737 | Lair:2   | Found a white marble altar of Elyvilon.
  5751 | Lair:2   | Reached skill level 1 in Shields
  6614 | Lair:3   | Noticed an eight-headed hydra
  6624 | Lair:3   | Reached skill level 13 in Axes
  6627 | Lair:3   | Killed a four-headed hydra
  6628 | Lair:3   | Reached XP level 12. HP: 110/110 MP: 8/8
  6721 | Lair:3   | Found a staircase to the Shoals.
  6736 | Lair:3   | Found an ornate altar of the Wu Jian Council.
  6778 | Lair:3   | Reached skill level 10 in Invocations
  6910 | Lair:3   | Found a runed translucent gate.
  6910 | Lair:3   | Found a runed translucent gate.
  6911 | Lair:3   | Found a runed translucent gate.
  6911 | Lair:3   | Noticed Pooter's ghost (journeyman MiMo)
  6911 | Lair:3   | Reached **** piety under the Shining One
  7567 | D:9      | Found Jagot's Magic Scroll Emporium.
  7573 | D:9      | Bought a scroll of enchant weapon for 75 gold pieces
  7573 | D:9      | Bought a scroll of teleportation for 30 gold pieces
  7573 | D:9      | Bought a scroll of teleportation for 30 gold pieces
  7646 | D:9      | Found a staircase to the Orcish Mines.
  7647 | D:9      | Gained mutation: You are clumsy. (Dex -2) [a neqoxec]
  7658 | D:9      | Found an iron altar of Okawaru.
  7960 | D:9      | Found Suczeek's Weapon Emporium.
  7975 | D:9      | Bought a +0 broad axe for 60 gold pieces
  7991 | D:9      | Found a white marble altar of Elyvilon.
  8372 | Orc:1    | Entered Level 1 of the Orcish Mines
  8385 | Orc:1    | Noticed an orc high priest
  8568 | D:9      | Killed an orc high priest
  8569 | D:9      | Reached skill level 5 in Shields
  8573 | Orc:1    | Paralysed by an orc sorcerer for 4 turns
  8582 | D:9      | Reached skill level 14 in Axes
  8662 | Orc:1    | Found Ocsupaur's Jewellery Shop.
  8674 | Orc:1    | Bought an amulet of reflection for 360 gold pieces
  8886 | Orc:2    | Entered Level 2 of the Orcish Mines
  8898 | Orc:2    | Reached skill level 10 in Evocations
  8929 | Orc:2    | Reached skill level 10 in Armour
  9038 | Orc:2    | Noticed an orc warlord
  9074 | Orc:1    | Killed an orc warlord
  9126 | Orc:2    | Cast into level 2 of the Abyss (orc warrior)
  9239 | Abyss:2  | Gained mutation: Your magical capacity is low. (-10% MP) [a
                  | neqoxec]
  9276 | Abyss:2  | Mangled by a large abomination

Illustrated notes

Levels and vault maps discovered:
D:2:      kennysheep_the_goblin_king, layout_loops_ring, serial_park_tiny_2
D:3:      wander_river, layout_loops_ring,
          mainiacjoe_overflow_concentric_impassable,
          mainiacjoe_overflow_cross_hatched, mainiacjoe_overflow_chevrons,
          gammafunk_temple_overflow_elements, uniq_sigmund, uniq_terence,
          uniq_robin, uniq_jessica
D:4:      minmay_chambers_of_threes, layout_rooms,
          mainiacjoe_overflow_six_doors_small, uniq_natasha
D:5:      layout_gridville, kennysheep_generic_room_14
D:6:      layout_basic, mainiacjoe_overflow_tiny_flanked,
          minmay_temple_entry_overgrown
D:7:      layout_loops_cross, serial_shops, shop_fountains, grunt_ministairs_1,
          uniq_maggie, uniq_amaemon, uniq_crazy_yiuf_cottage, uniq_pikel
D:8:      layout_basic, lair_entry_dummy, uniq_joseph, uniq_erica
D:9:      layout_stronghold, mainiacjoe_overflow_boulevard, lemuel_tele_altar,
          minmay_orc_entry_temple_small, serial_shops, shop_fountains,
          nicolae_shop_advertising_works [nicolae_subvault_shop_adworks]
Lair:1:   layout_chaotic_city
Lair:2:   layout_long_grid, basic_altar
Lair:3:   beast_lair_carwin_large_3, layout_loops_ring,
          minmay_shoals_entry_beasts, ebering_ghost_rock_garden, basic_altar
Orc:1:    layout_caves, serial_shops, shop, basic_altar
Orc:2:    kennysheep_orc_mage_school, layout_diamond_mine
Abyss:2:  base:
D:1

Skill      XL: |  1  2  3  4  5  6  7  8  9 10 11 12 |
---------------+-------------------------------------+-----
Fighting       | 3 4 5 6 7 8 |  8.9
Axes           | 3 4 5 6 7 8 10 11 13 14 | 14.2
Armour         | 1 2 3 4 5 7 8 9 10 | 10.0
Invocations    | 3 5 6 8 9 10 | 10.9
Evocations     | 2 5 7 8 10 | 10.1
Shields        | 3 5 |  5.3
Dodging        | |  2.1
Stealth        | |  6.0

Action                   |  1- 3 |  4- 6 |  7- 9 | 10-12 || total
-------------------------+-------+-------+-------+-------++-------
Melee: Hand axe          |    35 |   136 |       |       ||   171
       Punch             |       |     2 |       |       ||     2
       War axe           |       |    82 |   228 |   532 ||   842
       Unarmed           |       |    11 |       |       ||    11
       Broad axe         |       |       |       |   251 ||   251
Invok: Divine Shield     |       |       |     2 |     8 ||    10
 Abil: Heal Wounds       |     4 |     4 |    16 |    42 ||    66
Evoke: Wand              |       |     2 |     8 |     5 ||    15
  Use: Scroll            |     1 |     6 |     4 |    10 ||    21
       Potion            |       |     2 |     5 |     3 ||    10
 Stab: Sleeping          |       |     5 |       |       ||     5
Armor: Leather armour    |     8 |    42 |       |       ||    50
       Skin              |       |     1 |       |       ||     1
       Chain mail        |       |    10 |    39 |   181 ||   230
       Plate armour      |       |       |   104 |       ||   104
       Swamp dragon scal |       |       |    11 |   307 ||   318
Dodge: Dodged            |    23 |   200 |   114 |   420 ||   757
Block: Buckler           |       |     5 |    86 |   357 ||   448
       Reflection        |       |       |       |     3 ||     3

Table legend: (Time is in decaauts)
 A = Elapsed time spent in this place.
 B = Non-inter-level travel time spent in this place.
 C = Inter-level travel time spent in this place.
 D = Time resting spent in this place.
 E = Time spent auto-exploring this place.
 F = Levels seen in this place.
 G = Mean time per level.
                   A        B        C        D        E       F      G
               +--------+--------+--------+--------+--------+-----+--------+
         Total |   9341 |   8872 |    469 |     21 |   5979 |  14 |  667.2 |
       Dungeon |   6084 |   5762 |    322 |     21 |   3918 |   8 |  760.5 |
          Lair |   2536 |   2398 |    138 |      0 |   1779 |   3 |  845.3 |
  Orcish Mines |    575 |    567 |      8 |      0 |    249 |   2 |  287.5 |
         Abyss |    145 |    145 |      0 |      0 |     32 |   1 |  145.0 |
               +--------+--------+--------+--------+--------+-----+--------+

Top non-repeatable levels by time:
     D:9: 1146 daAuts
     D:8: 997 daAuts
  Lair:3: 913 daAuts
     D:7: 853 daAuts
  Lair:1: 815 daAuts
  Lair:2: 807 daAuts
     D:5: 772 daAuts
     D:4: 657 daAuts
     D:6: 635 daAuts
     D:3: 545 daAuts
     D:2: 476 daAuts
   Orc:1: 389 daAuts
   Orc:2: 185 daAuts
 Abyss:2: 145 daAuts
